 Dungeon Crawl Stone Soup version 0.30-a0-54-g2e61a25929 (webtiles) character file.

Game seed: 13711532206566112064

7 MrFrogsmire the Trooper (level 2, -1/19 HPs)
             Began as a Gargoyle Berserker on Sept 8, 2022.
             Was a Follower of Cheibriados.
             Killed by divine providence
             ... invoked by an orc priest
              (12 damage)
             ... on level 4 of the Dungeon.
             The game lasted 00:01:31 (190 turns).

MrFrogsmire the Trooper (Gargoyle Berserker)         Turns: 190, Time: 00:01:32

Health: -1/19      AC:  7    Str: 23    XL:     2   Next: 0%
Magic:  2/2        EV: 12    Int: 10    God:    Cheibriados [*.....]
Gold:   0          SH:  0    Dex: 12    Spells: 1/1 levels left

rFire   . . .      SeeInvis .    a - +0 mace
rCold   . . .      Faith    .    (no shield)
rNeg    + . .      Spirit   .    b - +0 animal skin
rPois   ∞          Reflect  .    d - +0 helmet
rElec   +          Harm     .    (no cloak)
rCorr   .          Rampage  .    (no gloves)
Will    .....                    f - +0 pair of boots
Stlth   +.........               (no amulet)
HPRegen 0.06/turn                (no ring)
MPRegen 0.08/turn                (no ring)

@: very slow
A: sickness immunity, AC +2, negative energy resistance 1, electricity
resistance, torment resistance 1, petrification resistance
a: Renounce Religion, Bend Time


You were on level 4 of the Dungeon.
You worshipped Cheibriados.
Cheibriados was aware of your devotion.
You visited 1 branch of the dungeon, and saw 4 of its levels.

Inventory:

Hand Weapons
 a - a +0 mace (weapon)
Armour
 b - a +0 animal skin (worn)
 d - a +0 helmet (worn)
 f - a +0 pair of boots (worn)
Potions
 c - a potion of ambrosia {unknown}
 e - a potion of might {unknown}


   Skills:
 + Level 3.4 Fighting
 + Level 3.2 Maces & Flails
 + Level 2.2 Armour
 + Level 1.6 Dodging


You had one spell level left.
You didn't know any spells.
Your spell library was empty.

Dungeon Overview and Level Annotations

Branches:
Dungeon (4/15)
 Temple: D:4-7

Altars:
Cheibriados


Innate Abilities, Weirdness & Mutations

You are immune to sickness and miasma.
Your stone body is resilient. (AC +2)
You are immune to poison.
You resist negative energy. (rN+)
You are resistant to electric shocks. (rElec)
You are resistant to unholy torment.
You are immune to petrification.


Message History

Found a metallic black potion.
There is a stone staircase leading down here.
You climb downwards.
There is a stone staircase leading up here. 2 orcs come into view.
The orc shouts! x2; You hear a shout!
A giant cockroach comes into view.
An orc comes into view. It is wielding a +0 club.
An orc comes into view. It is wielding a +0 flail.
The orc moves out of view. x2
The orc shouts!
You hit the giant cockroach.
You kill the giant cockroach!
Cheibriados thoroughly appreciates the change of pace.
Cheibriados raises the support of your attributes as your movement slows.
An orc priest comes into view. It is wielding a +0 flail.
The orc hits you but does no damage.
You barely miss the orc.
The orc priest shouts!
The orc hits you but does no damage.
You hit the orc.
The orc is lightly wounded.
The orc hits you but does no damage.
You hit the orc.
The orc is severely wounded.
The orc hits you but does no damage.
You hit the orc.
You kill the orc!
Cheibriados appreciates the change of pace.
You have reached level 2!
You barely miss the orc. The orc hits you but does no damage.
The orc priest calls down the wrath of Beogh upon you.
Beogh smites you!
You hit the orc.
The orc is lightly wounded.
The orc hits you but does no damage.
The orc priest calls down the wrath of Beogh upon you.
Beogh smites you!
Ouch! That really hurt!
You die...

#<##.# ##
#....#..#
.#
###..#..#
.#
#.....#
.#
##.#..#
.# #.#.##
.# #.# .
o#
#.#####o#
#.....@o#
#########


You could see an orc priest and 2 orcs.

Vanquished Creatures
  An orc (D:4)
  A giant cockroach (D:4)
  2 bats
  A frilled lizard (D:3)
  A rat (D:2)
6 creatures vanquished.

Notes
Turn   | Place    | Note
-------+----------+-------------------------------------------
     0 | D:1      | MrFrogsmire the Gargoyle Berserker began the quest for the
                  | Orb.
     0 | D:1      | Reached XP level 1. HP: 14/14 MP: 1/1
   110 | D:3      | Found a faded altar of an unknown god.
   113 | D:3      | Prayed at the altar of an unknown god.
   113 | D:3      | Fell from the grace of Trog
   113 | D:3      | Became a worshipper of Cheibriados the Contemplative
   113 | D:3      | Reached * piety under Cheibriados
   184 | D:4      | Noticed an orc priest
   189 | D:4      | Reached XP level 2. HP: 19/19 MP: 2/2
   190 | D:4      | Killed from afar by an orc priest

Illustrated notes

Levels and vault maps discovered:
D:1:      enne_arrival_octagon_isle, layout_basic, minmay_fountain_box,
          nrook_campfire
D:2:      layout_basic, basic_altar, mrwooster_statue_mirror
D:3:      layout_rooms, ebering_ghost_gozag, nicolae_ecumenical_pavilion,
          minmay_misc_feat_nine_boxes, uniq_terence, uniq_crazy_yiuf_cottage,
          uniq_jessica, uniq_ijyb
D:4:      minmay_chambers_of_threes, layout_basic, grunt_ministairs_5,
          minmay_goblin_outpost

Action                   || total
-------------------------++-------
Melee: Mace              ||    27
Armor: Animal skin       ||    16
Dodge: Dodged            ||    24

Table legend: (Time is in decaauts)
 A = Elapsed time spent in this place.
 B = Non-inter-level travel time spent in this place.
 C = Inter-level travel time spent in this place.
 D = Time resting spent in this place.
 E = Time spent auto-exploring this place.
 F = Levels seen in this place.
 G = Mean time per level.
                   A        B        C        D        E       F      G
               +--------+--------+--------+--------+--------+-----+--------+
         Total |    212 |     85 |    127 |      0 |      0 |   4 |   53.0 |
       Dungeon |    212 |     85 |    127 |      0 |      0 |   4 |   53.0 |
               +--------+--------+--------+--------+--------+-----+--------+

Top non-repeatable levels by time:
     D:1: 74 daAuts
     D:3: 73 daAuts
     D:2: 36 daAuts
     D:4: 29 daAuts
